 Dungeon Crawl Stone Soup version 0.28-a0-938-gbc3f381ebc (webtiles) character file.

Game seed: 11335996343932587227

593 Gargoyl the Skirmisher (level 7, -1/60 HPs)
             Began as a Gnoll Abyssal Knight on Nov 28, 2021.
             Was a Believer of Lugonu.
             Slain by a worm (9 damage)
             ... on level 4 of the Dungeon.
             The game lasted 00:06:59 (5212 turns).

Gargoyl the Skirmisher (Gnoll Abyssal Knight)       Turns: 5212, Time: 00:07:00

Health: -1/60      AC:  7    Str: 14    XL:     7   Next: 39%
Magic:  11/11      EV: 10    Int:  9    God:    Lugonu [**....]
Gold:   202        SH:  0    Dex: 13    Spells: 10/10 levels left

rFire   . . .      SeeInvis .   a - +1 hand axe
rCold   . . .      Faith    .   (no shield)
rNeg    . . .      Spirit   .   c - +0 scale mail
rPois   .          Reflect  .   (no helmet)
rElec   .          Harm     .   (no cloak)
rCorr   .          Rampage  .   (no gloves)
Will    .....                   (no boots)
Stlth   +.........              (no amulet)
HPRegen 0.20/turn               (no ring)
MPRegen 0.12/turn               (no ring)

@: brilliant
A: fangs 1, strong nose, distributed training
a: Renounce Religion, Depart the Abyss, Bend Space


You were on level 4 of the Dungeon.
You worshipped Lugonu.
Lugonu was pleased with you.
You visited 1 branch of the dungeon, and saw 4 of its levels.
You visited the Abyss 1 time.

You collected 202 gold pieces.

Inventory:

Hand Weapons
 a - a +1 hand axe (weapon)
 e - a +0 war axe
Missiles
 l - a throwing net
Armour
 c - a +0 scale mail (worn)
Wands
 h - a wand of flame (4)
 i - a wand of charming (6)
Scrolls
 f - 3 scrolls of teleportation
 g - a scroll of silence
 k - a scroll of enchant weapon {unknown}
Potions
 b - a potion of magic
 d - a potion of curing


   Skills:
 + Level 7.0 Fighting
 + Level 2.4 Short Blades
 + Level 2.4 Long Blades
 + Level 5.2 Axes
 + Level 2.4 Maces & Flails
 + Level 2.4 Polearms
 + Level 2.4 Staves
 + Level 2.4 Slings
 + Level 2.4 Bows
 + Level 2.4 Crossbows
 + Level 2.4 Throwing
 + Level 5.2 Armour
 + Level 3.6 Dodging
 + Level 2.4 Stealth
 + Level 2.4 Shields
 + Level 2.4 Unarmed Combat
 + Level 2.4 Spellcasting
 + Level 2.0 Conjurations
 + Level 2.0 Hexes
 + Level 2.0 Summonings
 + Level 2.0 Necromancy
 + Level 2.0 Translocations
 + Level 2.0 Transmutations
 + Level 2.0 Fire Magic
 + Level 2.0 Ice Magic
 + Level 2.0 Air Magic
 + Level 2.0 Earth Magic
 + Level 2.0 Poison Magic
 + Level 5.3 Invocations
 + Level 2.4 Evocations


You had 10 spell levels left.
You didn't know any spells.
Your spell library contained the following spells:

 Spells                   Type           Power      Damage    Failure   Level
 Summon Lightning Spire   Summ/Air       7%         N/A       99%         4
 Storm Form               Tmut/Air       3%         N/A       100%        7
 Maxwell's Capacitive Co  Air            3%         ∞         100%        8


Dungeon Overview and Level Annotations

Branches:
Dungeon (4/15)
 Temple: D:4-7

Altars:
Fedhas
Qazlal
Uskayaw


Innate Abilities, Weirdness & Mutations

You have very sharp teeth.
Your uncanny sense of smell can sniff out nearby items.
Your experience applies equally to all skills.


Message History

Blork the orc zaps a wand.
The puff of flame hits you.
* * * LOW HITPOINT WARNING * * *
You hit Blork the orc.
You kill Blork the orc!
Lugonu accepts your kill.
Your Conjurations skill increases to level 2!
Your Hexes skill increases to level 2!
Your Summonings skill increases to level 2!
Your Necromancy skill increases to level 2!
Your Translocations skill increases to level 2!
Your Transmutations skill increases to level 2!
Your Fire Magic skill increases to level 2!
Your Ice Magic skill increases to level 2!
Your Air Magic skill increases to level 2!
Your Earth Magic skill increases to level 2!
Your Poison Magic skill increases to level 2!
h - a wand of flame (4)
Things that are here:
a +0 halberd; a +0 robe; the orc corpse of Blork the orc Unknown command.
Magic restored.
A worm comes into view.
The worm is attracted toward you.
You hit the worm.
The worm is lightly wounded.
You hit the worm.
The worm is moderately wounded.
The worm bites you.
* * * LOW HITPOINT WARNING * * *
You hit the worm but do no damage.
The worm is moderately wounded.
The worm bites you!
* * * LOW HITPOINT WARNING * * *
You barely miss the worm. You bite the worm.
The worm is moderately wounded.
You feel less attractive to monsters.
You hit the worm.
The worm is severely wounded.
The worm bites you!
You die...

### .. ..# . ..
#.# #. .# #.# #
..... #.# .
#.#.#.##.# .
......##)# #
#....w@.# .
####.#.#..# .
.....#.#..#
...###.......#
.............#
###<.....##
##..†.#.#.#
######.###.#.#...
#.....##
##..#####


You could see a worm.

Vanquished Creatures
  An ogre (D:4)
  A black bear (D:4)
  Blork the orc (D:4)
  An orc priest (D:3)
  4 orc wizards
  A gnoll (D:4)
  8 adders
  A shadow imp (D:3)
  2 worms (D:3)
  2 dart slugs (D:3)
  16 orcs
  3 bats
  2 endoplasms
  3 giant cockroaches
  6 goblins
  5 hobgoblins
  5 jackals
  9 kobolds
  4 quokkas
  8 ball pythons
  4 frilled lizards
  4 rats
91 creatures vanquished.

Vanquished Creatures (collateral kills)
  A jelly (D:4)
  2 gnolls (D:4)
  3 orcs (D:4)
6 creatures vanquished.

Vanquished Creatures (others)
  A gnoll shaman (D:4)
1 creature vanquished.

Grand Total: 98 creatures vanquished

Notes
Turn   | Place    | Note
-------+----------+-------------------------------------------
     0 | Abyss:1  | Gargoyl the Gnoll Abyssal Knight began the quest for the
                  | Orb.
     0 | Abyss:1  | Reached XP level 1. HP: 23/23 MP: 3/3
   118 | Abyss:1  | Found a corrupted altar of Lugonu.
   191 | Abyss:1  | Noticed a neqoxec
   240 | Abyss:2  | Noticed a large abomination
   248 | Abyss:2  | Noticed a worldbinder
   248 | Abyss:2  | Noticed a starcursed mass
   253 | Abyss:2  | Noticed a deep elf pyromancer
   253 | D:1      | Escaped the Abyss
   308 | D:1      | Reached XP level 2. HP: 12/29 MP: 5/5
   588 | D:1      | Found a faded altar of an unknown god.
  1120 | D:2      | Reached XP level 3. HP: 31/35 MP: 6/6
  1284 | D:2      | Reached * piety under Lugonu
  1944 | D:3      | Reached skill level 1 in Short Blades
  1944 | D:3      | Reached skill level 1 in Long Blades
  1944 | D:3      | Reached skill level 1 in Maces & Flails
  1944 | D:3      | Reached skill level 1 in Polearms
  1944 | D:3      | Reached skill level 1 in Staves
  1944 | D:3      | Reached skill level 1 in Slings
  1944 | D:3      | Reached skill level 1 in Bows
  1944 | D:3      | Reached skill level 1 in Crossbows
  1944 | D:3      | Reached skill level 1 in Throwing
  1944 | D:3      | Reached skill level 1 in Stealth
  1944 | D:3      | Reached skill level 1 in Shields
  1944 | D:3      | Reached skill level 1 in Unarmed Combat
  1944 | D:3      | Reached skill level 1 in Spellcasting
  1944 | D:3      | Reached skill level 1 in Evocations
  1944 | D:3      | Reached XP level 4. HP: 29/41 MP: 7/7
  2127 | D:3      | Reached skill level 1 in Conjurations
  2127 | D:3      | Reached skill level 1 in Hexes
  2127 | D:3      | Reached skill level 1 in Summonings
  2127 | D:3      | Reached skill level 1 in Necromancy
  2127 | D:3      | Reached skill level 1 in Translocations
  2127 | D:3      | Reached skill level 1 in Transmutations
  2127 | D:3      | Reached skill level 1 in Fire Magic
  2127 | D:3      | Reached skill level 1 in Ice Magic
  2127 | D:3      | Reached skill level 1 in Air Magic
  2127 | D:3      | Reached skill level 1 in Earth Magic
  2127 | D:3      | Reached skill level 1 in Poison Magic
  2288 | D:3      | Reached XP level 5. HP: 32/47 MP: 8/8
  2956 | D:3      | Reached skill level 5 in Invocations
  3037 | D:3      | Reached XP level 6. HP: 52/53 MP: 9/9
  3112 | D:3      | Noticed a +0 dagger
  3113 | D:3      | Noticed a +0 hand axe
  3114 | D:3      | Found a hide-covered altar of Uskayaw.
  3481 | D:3      | Reached ** piety under Lugonu
  3618 | D:4      | Found a blossoming altar of Fedhas.
  3685 | D:4      | Reached skill level 5 in Axes
  3685 | D:4      | Reached skill level 5 in Armour
  4625 | D:4      | Reached XP level 7. HP: 46/59 MP: 10/10
  5036 | D:4      | Found a stormy altar of Qazlal.
  5047 | D:4      | Reached skill level 7 in Fighting
  5158 | D:4      | Noticed Blork the orc
  5168 | D:4      | HP: 2/60 [Blork the orc/puff of flame (12)]
  5178 | D:4      | Killed Blork the orc
  5212 | D:4      | Slain by a worm

Illustrated notes

Levels and vault maps discovered:
D:1:      psy_arrival_statuary, layout_rooms, basic_ecumenical_altar
D:2:      layout_loops_ring
D:3:      minmay_inner_zag, layout_loops_cross, dancing_weapons_uskayaw,
          grunt_ministairs_2, hangedman_abyss_or_decor_stabs
D:4:      layout_loops_ring, fedhas_altar_2,
          mainiacjoe_overflow_small_starburst, nicolae_ru_path_of_blood,
          minmay_checkerbox, uniq_blork_the_orc

Skill      XL: |  1  2  3  4  5  6  7 |
---------------+----------------------+-----
Short Blades   | 1 2 |  2.4
Long Blades    | 1 2 |  2.4
Maces & Flails | 1 2 |  2.4
Polearms       | 1 2 |  2.4
Staves         | 1 2 |  2.4
Slings         | 1 2 |  2.4
Bows           | 1 2 |  2.4
Crossbows      | 1 2 |  2.4
Throwing       | 1 2 |  2.4
Stealth        | 1 2 |  2.4
Shields        | 1 2 |  2.4
Unarmed Combat | 1 2 |  2.4
Spellcasting   | 1 2 |  2.4
Evocations     | 1 2 |  2.4
Conjurations   | 1 2 |  2.0
Hexes          | 1 2 |  2.0
Summonings     | 1 2 |  2.0
Necromancy     | 1 2 |  2.0
Translocations | 1 2 |  2.0
Transmutations | 1 2 |  2.0
Fire Magic     | 1 2 |  2.0
Ice Magic      | 1 2 |  2.0
Air Magic      | 1 2 |  2.0
Earth Magic    | 1 2 |  2.0
Poison Magic   | 1 2 |  2.0
Dodging        | 3 |  3.6
Invocations    | 5 |  5.3
Axes           | 5 |  5.2
Armour         | 5 |  5.2
Fighting       | 7 |  7.0

Action                   |  1- 3 |  4- 6 |  7- 9 || total
-------------------------+-------+-------+-------++-------
Melee: Hand axe          |   103 |   173 |    40 ||   316
       Bite              |     9 |    16 |     6 ||    31
       Punch             |       |     2 |     1 ||     3
Invok: Depart the Abyss  |     1 |       |       ||     1
       Bend Space        |       |     1 |       ||     1
Evoke: Wand              |       |     2 |       ||     2
  Use: Scroll            |     7 |     4 |     1 ||    12
       Potion            |       |       |     6 ||     6
Armor: Scale mail        |    57 |    70 |    16 ||   143
Dodge: Dodged            |    56 |    90 |    19 ||   165

Table legend: (Time is in decaauts)
 A = Elapsed time spent in this place.
 B = Non-inter-level travel time spent in this place.
 C = Inter-level travel time spent in this place.
 D = Time resting spent in this place.
 E = Time spent auto-exploring this place.
 F = Levels seen in this place.
 G = Mean time per level.
                   A        B        C        D        E       F      G
               +--------+--------+--------+--------+--------+-----+--------+
         Total |   5234 |   5198 |     36 |    299 |   3879 |   6 |  872.3 |
       Dungeon |   4981 |   4945 |     36 |    299 |   3680 |   4 | 1245.2 |
         Abyss |    252 |    252 |      0 |      0 |    199 |   2 |  126.0 |
               +--------+--------+--------+--------+--------+-----+--------+

Top non-repeatable levels by time:
     D:4: 1628 daAuts
     D:3: 1391 daAuts
     D:2: 1326 daAuts
     D:1: 634 daAuts
 Abyss:1: 195 daAuts
 Abyss:2: 57 daAuts
